 Dungeon Crawl Stone Soup version 0.28-a0-537-g3bccd9ccbf (webtiles) character file.

Game seed: 12020476372304031433

112 timneilson the Covered (level 4, -4/29 HPs)
             Began as a Gargoyle Fighter on Sept 28, 2021.
             Slain by Crazy Yiuf (7 damage)
             ... on level 2 of the Dungeon.
             The game lasted 00:02:02 (2507 turns).

timneilson the Covered (Gargoyle Fighter)           Turns: 2507, Time: 00:02:02

Health: -4/29      AC: 13    Str: 20    XL:     4   Next: 95%
Magic:  4/4        EV:  9    Int:  9    God:
Gold:   125        SH:  4    Dex:  9    Spells: 3/3 levels left

rFire   . . .      SeeInvis .   a - +0 long sword
rCold   . . .      Faith    .   c - +0 buckler
rNeg    + . .      Spirit   .   b - +0 scale mail
rPois   ∞          Reflect  .   f - +0 helmet
rElec   +          Harm     .   (no cloak)
rCorr   .          Rampage  .   e - +0 pair of gloves
Will    .....                   (no boots)
Stlth   ..........              (no amulet)
HPRegen 0.09/turn               (no ring)
MPRegen 0.09/turn               (no ring)

@: no status effects
A: sickness immunity, AC +3, negative energy resistance 1, electricity
resistance, torment resistance 1, petrification resistance
a: no special abilities


You were on level 2 of the Dungeon.
You visited 1 branch of the dungeon, and saw 2 of its levels.

You collected 125 gold pieces.

Inventory:

Hand Weapons
 a - a +0 long sword (weapon)
Armour
 b - a +0 scale mail (worn)
 c - a +0 buckler (worn)
 e - a +0 pair of gloves (worn)
 f - a +0 helmet (worn)
Jewellery
 i - a +4 ring of evasion
Scrolls
 g - a scroll of identify
 k - a scroll of vulnerability {unknown}
Potions
 d - a potion of might
 j - a potion of ambrosia {unknown}


   Skills:
 + Level 3.6 Fighting
 * Level 2.7 Long Blades
 * Level 4.2 Armour
 + Level 0.7 Dodging
 * Level 4.1 Shields


You had 3 spell levels left.
You didn't know any spells.
Your spell library contained the following spells:

 Spells                   Type           Power      Damage    Failure   Level
 Gell's Gravitas          Tloc           0%         N/A       97%         3
 Lesser Beckoning         Tloc           0%         N/A       97%         3
 Teleport Other           Tloc           0%         N/A       97%         3


Dungeon Overview and Level Annotations

Branches:
Dungeon (2/15)

Altars:

Annotations:
D:2 Crazy Yiuf


Innate Abilities, Weirdness & Mutations

You are immune to sickness and miasma.
Your stone body is resilient. (AC +3)
You are immune to poison.
You resist negative energy. (rN+)
You are resistant to electric shocks. (rElec)
You are resistant to unholy torment.
You are immune to petrification.


Message History

No target in view!
No target in view!
No target in view!
No target in view!
No target in view!
You now have 125 gold pieces (gained 8).
You see here a bat corpse.
Found a mace.
Found a stone staircase leading up.
There is a stone staircase leading up here.
Found a robe.
You see here a +0 robe.
You pick up a book of Displacement and begin reading...
You add the spells Lesser Beckoning, Gell's Gravitas and Teleport Other to your library.
You see here a +0 mace.
There is a stone staircase leading up here.
You see here a hobgoblin corpse.
Crazy Yiuf shouts!
Crazy Yiuf grits, "Dawk tea aubergine!"
As you open the door, it creaks loudly!
Crazy Yiuf laughs, "Defame!
Mama alas Orb Guardian."
You barely miss Crazy Yiuf. Crazy Yiuf closely misses you.
You closely miss Crazy Yiuf. Crazy Yiuf barely misses you.
You hit Crazy Yiuf but do no damage. You block Crazy Yiuf's attack.
Crazy Yiuf laughs, "Snoogle chair high!"
Crazy Yiuf hits you with a +4 quarterstaff of chaos.
Crazy Yiuf freezes you.
You hit Crazy Yiuf.
Crazy Yiuf is moderately wounded.
Crazy Yiuf hits you but does no damage.
You slash Crazy Yiuf!
Crazy Yiuf is heavily wounded.
Crazy Yiuf yells, "Shadow!"
Crazy Yiuf hits you with a +4 quarterstaff of chaos!
Crazy Yiuf freezes you.
* * * LOW HITPOINT WARNING * * *
You hit Crazy Yiuf.
Crazy Yiuf is severely wounded.
Crazy Yiuf screams, "Goldfish!"
Crazy Yiuf hits you with a +4 quarterstaff of chaos!
You die...

#######'##.####.# #.# #.....#
#.........####.###.....#
#..#>............'..[...
##################.....#
###.....# #######.......# ###
###.#..#........#
#...##..#.#..........#
#...g@####...........# #)..###
##.#........# ### ####.......#
#........ #..######
#########..'.....
#################..........######
#................................
#.###############################


You could see Crazy Yiuf.

Vanquished Creatures
  Terence (D:2)
  2 adders (D:2)
  3 gnolls (D:2)
  3 dart slugs (D:1)
  2 ball pythons (D:1)
  5 endoplasms
  2 giant cockroaches (D:1)
  2 goblins (D:1)
  5 hobgoblins
  A quokka (D:2)
  6 bats
  4 rats
36 creatures vanquished.

Notes
Turn   | Place    | Note
-------+----------+-------------------------------------------
     0 | D:1      | timneilson the Gargoyle Fighter began the quest for the
                  | Orb.
     0 | D:1      | Reached XP level 1. HP: 14/14 MP: 1/1
   126 | D:1      | Reached XP level 2. HP: 19/19 MP: 2/2
   606 | D:1      | Reached XP level 3. HP: 22/23 MP: 3/3
  1304 | D:2      | Noticed Terence
  1319 | D:2      | Killed Terence
  1522 | D:2      | Found a runed translucent door.
  1523 | D:2      | Noticed Crazy Yiuf
  1595 | D:2      | Reached XP level 4. HP: 21/28 MP: 4/4
  2507 | D:2      | Slain by Crazy Yiuf

Illustrated notes

Levels and vault maps discovered:
D:1:      tarquinn_simple_flora_water_f, layout_loops_ring,
          serial_co_window_serial, co_window_paths_a, co_window_paths_b,
          co_window_corner_a, co_window_corner_a, co_window_paths_b,
          co_window_paths_a, co_window_corner_cb, co_window_broadway_b,
          co_window_2corner, co_window_2corner, co_window_broadway_b,
          co_window_corner_b, co_window_corner_b, glass_columns_b,
          glass_columns_b, glass_columns_a, glass_columns_c, glass_columns_b
D:2:      layout_basic, uniq_terence, uniq_crazy_yiuf_cottage

Skill      XL: |  1  2  3  4 |
---------------+-------------+-----
Long Blades    | 2 |  2.7
Armour         | 4 |  4.2
Shields        | 4 |  4.1
Fighting       | |  3.6
Dodging        | |  0.7

Action                   |  1- 3 |  4- 6 || total
-------------------------+-------+-------++-------
Melee: Long sword        |    75 |    34 ||   109
  Use: Scroll            |     3 |       ||     3
       Potion            |       |     1 ||     1
Armor: Scale mail        |    35 |    14 ||    49
Dodge: Dodged            |    30 |    17 ||    47
Block: Buckler           |    12 |     8 ||    20

Table legend: (Time is in decaauts)
 A = Elapsed time spent in this place.
 B = Non-inter-level travel time spent in this place.
 C = Inter-level travel time spent in this place.
 D = Time resting spent in this place.
 E = Time spent auto-exploring this place.
 F = Levels seen in this place.
 G = Mean time per level.
                   A        B        C        D        E       F      G
               +--------+--------+--------+--------+--------+-----+--------+
         Total |   2538 |   2457 |     81 |      0 |   2142 |   2 | 1269.0 |
       Dungeon |   2538 |   2457 |     81 |      0 |   2142 |   2 | 1269.0 |
               +--------+--------+--------+--------+--------+-----+--------+

Top non-repeatable levels by time:
     D:2: 1372 daAuts
     D:1: 1165 daAuts
